 Dungeon Crawl Stone Soup version 0.22.1-6-g1668fe2 (webtiles) character file.

32 redwoodhats the Stinger (level 3, -3/14 HPs)
             Began as a Felid Venom Mage on Jan 17, 2019.
             Slain by a wyvern skeleton (11 damage)
             ... on level 2 of the Dungeon.
             The game lasted 00:05:19 (1588 turns).

redwoodhats the Stinger (Felid Venom Mage)          Turns: 1588, Time: 00:05:20

Health: -3/14      AC:  1    Str:  5    XL:     3   Next: 8%
Magic:  16/16      EV: 18    Int: 16    God:
Gold:   12         SH:  0    Dex: 16    Spells: 5/6 levels left
                                        Lives:  0   Deaths: 0

rFire    . . .     SeeInvis +   (weapon unavailable)
rCold    . . .     Gourm    .   (shield unavailable)
rNeg     . . .     Faith    .   (armour unavailable)
rPois    .         Spirit   .   (helmet unavailable)
rElec    .         Reflect  .   (cloak unavailable)
rCorr    .         Harm     .   (gloves unavailable)
MR       .....                  (boots unavailable)
Stlth    +++.......             (no amulet)
HPRegen  0.04/turn              c - ring of magical power
MPRegen  0.15/turn              (no ring)

@: quick
A: very small, no armour, no weapons or thrown items, stealth, claws 1, fangs 3,
see invisible, carnivore, speed 1, shaggy fur 1, slow metabolism 1, sharp paws
a: no special abilities


You were on level 2 of the Dungeon.
You were not hungry.

You visited 1 branch of the dungeon, and saw 2 of its levels.

You collected 12 gold pieces.

Inventory:

Hand Weapons
 e - a +3 dagger of holy wrath
Armour
 a - a cursed +0 cloak
Jewellery
 c - a ring of magical power (left paw)
Scrolls
 d - 2 scrolls of teleportation
 f - a scroll of immolation {unknown}
Comestibles
 b - 4 rations


   Skills:
 + Level 3.0 Dodging
 + Level 3.1 Stealth
 + Level 0.3 Unarmed Combat
 + Level 2.0 Spellcasting
 + Level 1.4 Conjurations
 + Level 3.2 Poison Magic


You had 5 spell levels left.
You knew the following spells:

 Your Spells              Type           Power        Failure   Level  Hunger
a - Sting                 Conj/Pois      #...         8%          1    #......

Your spell library contained the following spells:

 Spells                   Type           Power        Failure   Level  Hunger
 Poisonous Vapours        Pois/Air       #.....       16%         2    ###....
 Mephitic Cloud           Conj/Pois/Air  #.......     32%         3    ###....
 Olgreb's Toxic Radiance  Pois           ##......     47%         4    #####..
 Venom Bolt               Conj/Pois      #.........   91%         5    ######.


Dungeon Overview and Level Annotations

Branches:
Dungeon (2/15)

Altars:


Innate Abilities, Weirdness & Mutations

You cannot wear armour.
You are incapable of wielding weapons or throwing items.
Your paws allow you to move quietly. (Stealth)
You have sharp claws.
You have razor-sharp teeth.
You have supernaturally acute eyesight. (SInv)
You are carnivorous and can eat meat at any time.
You cover ground quickly.
You are covered in fur. (AC +1)
You have a slow metabolism.
Your sharp claws are effective at attacking unaware monsters.


Message History

Things that are here:
a club; a bat skeleton; an adder skeleton HP restored.
Found a stone staircase leading down.
b - 4 rations (gained 1)
Found a stone staircase leading up.
A wyvern skeleton comes into view.
Found a scroll of identify.
Casting: Sting (safe; 8% risk of failure)
Confirm with . or Enter, or press ? or * to list all spells.
You can't see any susceptible monsters within range! (Use Z to cast anyway.)
The wyvern skeleton misses you.
Found 7 gold pieces.
The wyvern skeleton bites you. The wyvern skeleton closely misses you.
You scratch the wyvern skeleton. You bite the wyvern skeleton.
The wyvern skeleton is moderately damaged.
The wyvern skeleton bites you!
Ouch! That really hurt!
You die...

..##..........
#.#
...'...#.#....##
#.#
#..#...#.#.##<..
#.# ...'...+
.......##.#
...#...# # #...#
##.....# #.###
<#.....# #.#
.#...### #####.#
...#.# #....@#
.###.. #....Z#
.+ ##.# #......#
.# .. +........
## #.........
##...≈≈≈...#
...≈≈≈≈≈..#
...$≈≈♣≈≈..#


You could see a wyvern skeleton.

Vanquished Creatures
  An adder (D:2)
  2 leopard geckos (D:1)
  2 hobgoblins (D:1)
  3 kobolds
  4 bats
  A frilled lizard (D:1)
  5 goblins
  2 rats (D:1)
20 creatures vanquished.

Notes
Turn   | Place    | Note
-------+----------+-------------------------------------------
     0 | D:1      | redwoodhats the Felid Venom Mage began the quest for the
                  | Orb.
     0 | D:1      | Reached XP level 1. HP: 7/7 MP: 4/4
   455 | D:1      | Reached XP level 2. HP: 8/11 MP: 6/6
   520 | D:1      | Reached skill level 1 in Conjurations
  1250 | D:2      | Reached XP level 3. HP: 2/14 MP: 7/7
  1588 | D:2      | Slain by a wyvern skeleton

Skill      XL: |  1  2  3 |
---------------+----------+-----
Stealth        | 3 |  3.1
Poison Magic   | 3 |  3.2
Conjurations   | 1 |  1.4
Dodging        | 3 |  3.0
Unarmed Combat | |  0.3
Spellcasting   | |  2.0

Action                   || total
-------------------------++-------
Melee: Unarmed           ||    38
       Bite              ||     6
 Cast: Sting             ||    31
  Use: Scroll            ||     3
 Stab: Sleeping          ||     2
  Eat: Ration            ||     1
Armor: Skin              ||     1
Dodge: Dodged            ||    46
